 Dungeon Crawl Stone Soup version 0.24.1-4-ge52af88ad5 (webtiles) character file.

Game seed: 14586019926432455135, levelgen mode: deterministic

24 Goreval the Chiller (level 3, -6/28 HPs)
             Began as a Barachi Ice Elementalist on Apr 17, 2020.
             Mangled by a bullfrog (7 damage)
             ... on level 1 of the Dungeon.
             The game lasted 00:03:26 (1413 turns).

Goreval the Chiller (Barachi Ice Elementalist)      Turns: 1413, Time: 00:03:27

Health: -6/28      AC:  2    Str: 10    XL:     3   Next: 2%
Magic:  0/6        EV: 12    Int: 15    God:
Gold:   74         SH:  0    Dex: 12    Spells: 3/6 levels left

rFire    . . .     SeeInvis .   (no weapon)
rCold    . . .     Gourm    .   (no shield)
rNeg     . . .     Faith    .   a - +0 robe
rPois    .         Spirit   .   (no helmet)
rElec    .         Reflect  .   (no cloak)
rCorr    .         Harm     .   (no gloves)
MR       .....                  (no boots)
Stlth    ++........             (no amulet)
HPRegen  0.09/turn              (no ring)
MPRegen  0.10/turn              (no ring)

@: can't hop, slow
A: +LOS, swims, slowness 1, strong legs 1
a: Hop


You were on level 1 of the Dungeon.
You were hungry.

You visited 1 branch of the dungeon, and saw 2 of its levels.

You collected 74 gold pieces.

Inventory:

Hand Weapons
 j - a +0 dagger
Missiles
 d - 85 stones (quivered)
Armour
 a - a +0 robe (worn)
 p - a +0 ring mail
 r - a +0 leather armour
Jewellery
 e - a cursed amulet of inaccuracy {unknown}
 o - a +2 ring of evasion {unknown}
Scrolls
 b - a scroll of amnesia {unknown}
 f - a scroll of fog {unknown}
 g - a scroll of remove curse {unknown}
 h - 2 scrolls of teleportation {unknown}
 i - a scroll of magic mapping {unknown}
Potions
 k - a potion of mutation {unknown}
 l - a potion of degeneration {unknown}
 n - a potion of flight {unknown}
 q - a potion of invisibility {unknown}
Comestibles
 c - 4 rations
 m - a chunk of flesh


   Skills:
 + Level 2.4 Fighting
 - Level 2.1 Dodging
 - Level 2.0 Stealth
 - Level 2.1 Spellcasting
 - Level 1.1 Conjurations
 - Level 4.0 Ice Magic


You had 3 spell levels left.
You knew the following spells:

 Your Spells              Type           Power        Failure   Level  Hunger
a - Throw Frost           Conj/Ice       #.....       12%         2    ###....
b - Freeze                Ice            ##..         4%          1    #......

Your spell library contained the following spells:

 Spells                   Type           Power        Failure   Level  Hunger
 Ozocubu's Armour         Chrm/Ice       #.......     28%         3    ###....
 Throw Icicle             Conj/Ice       #.......     58%         4    #####..
 Summon Ice Beast         Ice/Summ       #.......     67%         4    #####..


Dungeon Overview and Level Annotations

Branches:
Dungeon (2/15)

Altars:


Innate Abilities, Weirdness & Mutations

Shadows flee at your approach. (+LOS)
You can swim through water.
You cover ground slowly.
You can hop short distances.


Message History

You see here a +0 club.
Aim: a bullfrog (heavily wounded)
You freeze the bullfrog. The bullfrog hits you. x2
The bullfrog hits you.
* * * LOW HITPOINT WARNING * * *
You hit the bullfrog. The bullfrog barely misses you.
The bullfrog barely misses you. The bullfrog closely misses you.
The bullfrog hits you.
* * * LOW HITPOINT WARNING * * *
The bullfrog closely misses you. The bullfrog hits you.
* * * LOW HITPOINT WARNING * * *
Aim: a bullfrog (severely wounded)
You freeze the bullfrog. The bullfrog hits you.
* * * LOW HITPOINT WARNING * * *
Okay, then.
The bullfrog snags a nearby hornet with its tongue.
The bullfrog hits you!
You die...

..##..#####...###.##.###.<#..####
..##..#..#.##.##.##.##....#......
.....#.#..####...##...##..#......
.##########################......
.................# #......
.#.######.######## #......
..........# ############......
##.######.# #.F......)...>####
#.######.# #@#############
#........######.#
#.#####.........# ########### #.#
###.######..#####.........## #.#
#)..#...........'.........'.
##.###...#.####..#####.........##
.....'...........# #.....#####
##.###...........########### #.#
#...#.####.##...#.#


You could see a bullfrog.

Vanquished Creatures
  A dart slug (D:1)
  2 leopard geckos (D:1)
  A giant cockroach (D:1)
  2 hobgoblins (D:1)
  A jackal (D:2)
  4 kobolds (D:1)
  4 bats (D:1)
  A frilled lizard (D:1)
  2 goblins (D:1)
  A rat (D:2)
19 creatures vanquished.

Notes
Turn   | Place    | Note
-------+----------+-------------------------------------------
     0 | D:1      | Goreval the Barachi Ice Elementalist began the quest for
                  | the Orb.
     0 | D:1      | Reached XP level 1. HP: 13/13 MP: 3/3
   467 | D:1      | Reached skill level 4 in Ice Magic
   467 | D:1      | Reached XP level 2. HP: 17/20 MP: 0/5
   475 | D:1      | Learned a level 2 spell: Throw Frost
   574 | D:1      | Reached skill level 1 in Fighting
  1393 | D:2      | Noticed a bullfrog
  1394 | D:2      | Reached XP level 3. HP: 28/28 MP: 4/6
  1412 | D:1      | HP: 1/28 [bullfrog (4)]
  1413 | D:1      | Mangled by a bullfrog

Levels and vault maps discovered:
D:1:      dpeg_arrival_signposts, layout_basic
D:2:      layout_basic, amethyst_overflow_temple_binary, minmay_between,
          uniq_sigmund, uniq_terence

Skill      XL: |  1  2 |
---------------+-------+-----
Stealth        | 2 |  2.0
Ice Magic      | 4 |  4.0
Fighting       | 2 |  2.4
Dodging        | |  2.1
Spellcasting   | |  2.1
Conjurations   | |  1.1

Action                   || total
-------------------------++-------
Melee: Unarmed           ||     5
 Cast: Freeze            ||    37
 Abil: Hop               ||     1
  Eat: Chunk             ||     2
Armor: Robe              ||    13
Dodge: Dodged            ||    35
